 Dungeon Crawl Stone Soup version 0.22-a0-425-g89d60a1 (webtiles) character file.

138 Mgcat the Skirmisher (level 5, -7/47 HPs)
             Began as a Draconian Berserker on May 24, 2018.
             Was a Believer of Trog.
             Killed by divine providence
             ... invoked by an orc priest
              (15 damage)
             ... on level 3 of the Dungeon.
             The game lasted 00:04:03 (1918 turns).

Mgcat the Skirmisher (Draconian Berserker)          Turns: 1918, Time: 00:04:04

Health: -7/47      AC:  7    Str: 19    XL:     5   Next: 1%
Magic:  0/5        EV: 13    Int:  7    God:    Trog [**....]
Gold:   212        SH:  0    Dex: 12    Spells: 4/4 levels left

rFire    . . .     SeeInvis .   w - -3 hand axe (curse)
rCold    . . .     Gourm    .   (no shield)
rNeg     . . .     Faith    .   (armour unavailable)
rPois    .         Spirit   +   (helmet restricted)
rElec    .         Reflect  .   l - +1 cloak
rCorr    .         Harm     .   (no gloves)
MR       .....                  (no boots)
Stlth    +.........             e - amulet of guardian spirit {Spirit}
HPRegen  0.15/turn              (no ring)
MPRegen  0.09/turn              (no ring)

@: berserk cooldown
A: unfitting armour, cold-blooded, AC +5
a: Berserk, Trog's Hand, Renounce Religion


You were on level 3 of the Dungeon.
You worshipped Trog.
Trog was pleased with you.
You were not hungry.

You visited 1 branch of the dungeon, and saw 3 of its levels.

You collected 212 gold pieces.

Inventory:

Hand Weapons
 w - a cursed -3 hand axe (weapon)
   (You took it off an orc on level 3 of the Dungeon)
Armour
 l - a +1 cloak (worn)
   (You found it on level 1 of the Dungeon)
Jewellery
 e - an amulet of guardian spirit (around neck) {Spirit}
   (You found it on level 1 of the Dungeon)
Wands
 v - a wand of disintegration (11)
   (You found it on level 3 of the Dungeon)
Scrolls
 f - 2 scrolls of identify
 g - 2 scrolls of teleportation
Potions
 c - a potion of mutation {unknown}
 d - 2 potions of lignification {unknown}
 i - a potion of magic {unknown}
 j - a potion of curing {unknown}
 m - a potion of invisibility {unknown}
 n - a potion of heal wounds {unknown}
 o - a potion of flight {unknown}
 q - 2 potions of haste
 u - a potion of brilliance {unknown}
Comestibles
 b - 8 rations
 r - 8 chunks of flesh {@w0}


   Skills:
 + Level 4.5 Fighting
 + Level 4.1 Axes
 + Level 3.7 Dodging


You had 4 spell levels left.
You didn't know any spells.
Your spell library was empty.

Dungeon Overview and Level Annotations

Branches:
Dungeon (3/15)

Altars:
Kikubaaqudgha
Qazlal
Uskayaw
Wu Jian
Xom


Innate Abilities, Weirdness & Mutations

Your plain brown scales are hard. (AC +5)
You cannot fit into any form of body armour.
You are cold-blooded and may be slowed by cold attacks.


Message History

The orc is moderately wounded.
The orc barely misses you. x2
You closely miss the orc.
The orc is moderately wounded.
The orc closely misses you.
You hit the orc but do no damage.
Your tail-slap misses the orc.
The orc is moderately wounded.
The orc closely misses you.
You hit the orc.
Your tail-slap misses the orc.
The orc is severely wounded.
The orc closely misses you. The orc completely misses you.
You completely miss the orc.
The orc is severely wounded.
The orc barely misses you.
You hit the orc but do no damage.
Your tail-slap misses the orc.
The orc is severely wounded.
The orc misses you.
You hit the orc but do no damage.
The orc is severely wounded.
The orc barely misses you. The orc closely misses you.
You closely miss the orc.
The orc is severely wounded.
The orc completely misses you.
You hit the orc.
The orc is almost dead.
The orc barely misses you.
You barely miss the orc.
The orc is almost dead.
The orc misses you. The orc completely misses you.
You hit the orc.
You kill the orc!
Trog accepts your kill.
Things that are here:
a morningstar; a leather armour You now have 212 gold pieces (gained 4).
Items here: ))) [[[[ †††† Firing (i - inventory) No suitable missiles.
Press: ? - help, Shift-Dir - straight line, f - you
Okay, then.
Unknown command.
Unknown command.
w - an enchanted hand axe Wield which item (- for none, * to show all)? (? for menu, Esc to quit)
It sticks to your hand!
w - a cursed -3 hand axe (weapon)
Drop what? 23/52 slots (_ for help) (? for menu, Esc to quit)
You drop a +0 hand axe.
As you read the scroll labeled AQYLOT CYRPH, it crumbles to dust.
It is a scroll of identify.
q - 2 potions of haste
As you read the scroll labeled AQODIC OXZUABU, it crumbles to dust.
You hear a loud clanging noise!
It was a scroll of noise.
You hear a shout! x7
Some of the chunks of flesh in your inventory have rotted away.
As you read the scroll labeled CANOASCHYCE, it crumbles to dust.
It is a scroll of amnesia.
You feel forgetful for a moment.
As you read the scroll labeled DAPLOAMOFU, it crumbles to dust.
You feel aware of your surroundings.
It was a scroll of magic mapping.
As you read the scroll labeled GAN MYNLAOPRAG, it crumbles to dust.
The scroll dissolves into smoke.
It was a scroll of fog.
As you read the scroll labeled JAGEATETAYLL, it crumbles to dust.
It is a scroll of enchant armour.
Your +0 cloak glows green for a moment.
As you read the scroll labeled ZISUNNASIZ, it crumbles to dust.
You feel strangely unstable.
It was a scroll of teleportation.
You feel yourself speed up.
Eating one of 9 chunks of flesh {@w0}.
You eat one of the 9 chunks of flesh {@w0}.
This raw flesh tastes terrible.
Your surroundings suddenly seem different.
An orc comes into view. It is wielding a flail.
The orc shouts!
You are too injured to fight recklessly!
You are too injured to fight recklessly!
An orc comes into view.
The orc shouts!
A hobgoblin comes into view.
You hit the orc but do no damage. You tail-slap the orc.
The orc is moderately wounded.
The orc hits you with a flail!
You barely miss the orc.
The orc is moderately wounded.
You barely miss the orc. The orc closely misses you.
An orc priest comes into view. It is wielding a flail.
The orc hits you with a flail.
You closely miss the orc.
Your tail-slap misses the orc.
The orc is moderately wounded.
You barely miss the orc. The orc misses you. The orc hits you with a flail.
* * * LOW HITPOINT WARNING * * *
You hit the orc.
You kill the orc!
Trog accepts your kill.
You have reached level 5!
You closely miss the hobgoblin. You barely miss the orc.
The hobgoblin barely misses you. The orc barely misses you.
The orc priest calls down the wrath of Beogh upon you.
Beogh smites you!
You die...

......................#.#....§§§§
#####.#####.####....#.#.#.#..###§
#.# #..,,...........#..# #§
#####.#***###**#.#*.#,#####..#*#.
.......,,,,,,,,..#*.#,* #..#,..
#####.#,*******#.#*.#,* #..#*#.
#..,,,,,,,*#.#*.#,** #...,..
**#.#,*****,*#.#*.#,,# ##.***#
*,...,* *,*#@##.#..## **,,,,,
*,*,*** *,*#.go)....# *,,,,,,
*,*,* *,*#..o.##..#**,,***,
*,*,*******,*#.##.#,,,,,,,,* *,
##*,*,*,,,,,,,...#*.#,,,***,,***,
.#*,#,*,*****.#...,..,,,,,,,,,,,,
.#*.#,,,,,,,#,#..#*.#.,,,,,,,,,,,
.##.#**,*****,....*....,,,,,,*,**
....###.*****##...,..,..,***,,,**


You could see an orc priest, an orc and a hobgoblin.

Vanquished Creatures
  An orc priest (D:3)
  3 gnolls (D:2)
  2 adders
  An ooze (D:1)
  A worm (D:2)
  A dart slug (D:2)
  A leopard gecko (D:1)
  5 orcs (D:3)
  A ball python (D:3)
  6 bats
  A giant cockroach (D:3)
  3 goblins
  3 hobgoblins
  2 jackals (D:3)
  6 kobolds
  8 frilled lizards
  2 rats (D:2)
47 creatures vanquished.

Notes
Turn   | Place    | Note
-------+----------+-------------------------------------------
     0 | D:1      | Mgcat the Draconian Berserker began the quest for the Orb.
     0 | D:1      | Reached XP level 1. HP: 19/19 MP: 1/1
   383 | D:1      | Reached XP level 2. HP: 21/26 MP: 2/2
   599 | D:1      | Reached skill level 3 in Dodging
   851 | D:2      | Reached XP level 3. HP: 33/33 MP: 1/3
   872 | D:2      | HP: 6/33 [gnoll/spear (3)]
   873 | D:2      | Reached skill level 4 in Fighting
  1193 | D:2      | Reached XP level 4. HP: 21/40 MP: 1/4
  1362 | D:2      | Found a shimmering altar of Xom.
  1504 | D:2      | Found an ancient bone altar of Kikubaaqudgha.
  1505 | D:2      | Found an ornate altar of the Wu Jian Council.
  1505 | D:2      | Found a hide-covered altar of Uskayaw.
  1505 | D:2      | Found a stormy altar of Qazlal.
  1701 | D:3      | Reached ** piety under Trog
  1880 | D:3      | Reached skill level 4 in Axes
  1915 | D:3      | HP: 7/41 [orc/flail (6)]
  1916 | D:3      | Reached XP level 5. HP: 8/47 MP: 2/5
  1918 | D:3      | Killed from afar by an orc priest

Vault maps used:
D:1:      dpeg_arrival_signposts
D:2:      lemuel_round_altar, chequers_temple_overflow_statue_of_worship,
          first_ration
D:3:      uniq_grinder

Skill      XL: |  1  2  3  4 |
---------------+-------------+-----
Dodging        | 3 |  3.7
Fighting       | 4 |  4.5
Axes           | 4 |  4.1

Action                   |  1- 3 |  4- 6 || total
-------------------------+-------+-------++-------
Melee: Hand axe          |    82 |    85 ||   167
       Tailslap          |     7 |     8 ||    15
Invok: Berserk           |     1 |     1 ||     2
  Use: Scroll            |       |     7 ||     7
 Stab: Sleeping          |     1 |     1 ||     2
  Eat: Chunk             |     2 |     3 ||     5
Armor: Skin              |    24 |    15 ||    39
Dodge: Dodged            |    47 |    63 ||   110

Table legend:
 A = Spawn XP
 B = Non-spawn XP
 C = Spawn XP percentage of total XP
 D = Spawn monster count
 E = Non-spawn monster count
 F = Spawn count percentage of total count
 G = Total turns spent on level
                    A         B        C        D         E        F      G
               +---------+---------+-------+---------+---------+-------+---------
         Total |       0 |     198 |   0.0 |       0 |      47 |   0.0 |  1918
               +---------+---------+-------+---------+---------+-------+---------
           D:1 |       0 |      29 |   0.0 |       0 |      14 |   0.0 |   799
           D:2 |       0 |      82 |   0.0 |       0 |      16 |   0.0 |   861
           D:3 |       0 |      87 |   0.0 |       0 |      17 |   0.0 |   258
               +---------+---------+-------+---------+---------+-------+---------

Vault maps used:
D:1:      dpeg_arrival_signposts
D:2:      lemuel_round_altar, chequers_temple_overflow_statue_of_worship,
          first_ration
D:3:      uniq_grinder

Table legend:
 A = Turns spent in this place as a percentage of turns spent in the entire game.
 B = Non-inter-level travel turns spent in this place as a percentage of non-inter-level travel turns spent in the entire game.
 C = Inter-level travel turns spent in this place as a percentage of turns spent in this place.
 D = Turns resting spent in this place as a percentage of non-inter-level travel turns spent in this place.
 E = Turns spent auto-exploring this place as a percentage of non-inter-level travel turns spent in this place.
 F = Non-inter-level travel turns spent in this place divided by the number of levels of this place that you've seen.
                   A       B       C       D       E      F
               +-------+-------+-------+-------+-------+----------------------
         Total | 100.0 | 100.0 |   2.1 |   0.0 |  81.0 | 626.0
       Dungeon | 100.0 | 100.0 |   2.1 |   0.0 |  81.0 | 626.0
               +-------+-------+-------+-------+-------+----------------------

Table legend:
 A = Kills in this place as a percentage of kills in entire the game.
 B = Kills by you in this place as a percentage of kills by you in the entire game.
 C = Kills by friends in this place as a percentage of kills by friends in the entire game.
 D = Other kills in this place as a percentage of other kills in the entire game.
 E = Experience gained in this place as a percentage of experience gained in the entire game.
 F = Experience gained in this place divided by the number of levels of this place that you have seen.
                   A       B       C       D       E      F
               +-------+-------+-------+-------+-------+----------------------
         Total | 100.0 | 100.0 |   N/A |   N/A | 100.0 |  66.0
       Dungeon | 100.0 | 100.0 |   N/A |   N/A | 100.0 |  66.0
               +-------+-------+-------+-------+-------+----------------------
